[Event "Early-Titled-Tuesday-Blitz-March-12-2024"]
[Site "Chess.com"]
[Date "2024.03.12"]
[Round "8"]
[White "Bkmzzzzz"]
[Black "AlessiaSanteramo"]
[Result "1-0"]
[WhiteElo "2406"]
[BlackElo "2255"]
[TimeControl "180+1"]
[EndTime "9:26:56 PDT"]
[Termination "Bkmzzzzz won on time"]

1. e4 e5 2. Nf3 Nc6 3. Nc3 Nf6 4. d4 exd4 5. Nxd4 Bb4 6. Nxc6 bxc6 7. Bd3 d5 8. exd5 O-O 9. O-O Bg4 10. f3 Bh5 11. Bg5 Qd6 12. Bxf6 Qxf6 13. Ne4 Qxb2 14. dxc6 Bg6 15.
Kh1 Rfd8 16. Qe2 Re8 17. Qf2 a5 18. a3 Bf8 19. Qg3 f5 20. Ng5 Bd6 21. Qh3 Qf6 22. f4 Bxf4 23. Rxf4 Qxa1+ 24. Rf1 Re1 25. Qf3 Rae8 26.
h4 Rxf1+ 27. Bxf1 Re1 28. Qd5+ Kh8 29. Kh2 h6 30. Bc4 Rh1+ 31. Kg3 Qe1+ 32. Kf3 Qe4+ 33. Nxe4 fxe4+ 34. Kf2 e3+ 35. Kxe3 Bh7 36. Qd8+ 1-0

[Event "Early-Titled-Tuesday-Blitz-March-12-2024"]
[Site "Chess.com"]
[Date "2024.03.12"]
[Round "8"]
[White "Chessdude1987"]
[Black "guillembaches"]
[Result "1/2-1/2"]
[WhiteElo "2410"]
[BlackElo "2539"]
[TimeControl "180+1"]
[EndTime "9:26:58 PDT"]
[Termination "Game drawn by repetition"]

1. e4 d5 2. Nc3 dxe4 3. Nxe4 Qd5 4. Qe2 Nc6 5. Nf3 Bg4 6. c3 e5 7. h3 Bh5 8. g4 Bg6 9. d3 O-O-O 10. Bd2 Nf6 11.
c4 Qd7 12. O-O-O Nxe4 13. dxe4 Nd4 14. Nxd4 Qxd4 15. Bg2 Qb6 16. Bc3 Bd6 17. Rd5 f6 18.
Rhd1 Bf7 19. R5d2 Bc5 20. b3 Rxd2 21. Rxd2 Rd8 22. Rxd8+ Kxd8 23. Qd3+ Ke7 24. f3 Qd6 25. Qxd6+ Kxd6 26. Kd2 Bg1 27. Bf1 c5 28. a3 Bh2 29.
b4 Bf4+ 30. Kd3 b6 31. b5 Be8 32. a4 Bd7 33. Bg2 Bc8 34. a5 Be6 35. axb6 axb6 36.
Be1 Bd7 37. h4 g6 38. Bf2 h5 39. gxh5 gxh5 40. Be1 Bc8 41. Bf2 Be6 42. Be1 f5 43. Bf2 fxe4+ 44. fxe4 Bg4 45. Be1 Bh6 46. Bf2 Bf4 47.
Be1 Bh6 48. Bf2 Bf4 1/2-1/2

[Event "Early-Titled-Tuesday-Blitz-March-12-2024"]
[Site "Chess.com"]
[Date "2024.03.12"]
[Round "8"]
[White "Sadykov_Ramil"]
[Black "GMSrinath"]
[Result "0-1"]
[WhiteElo "2609"]
[BlackElo "2801"]
[TimeControl "180+1"]
[EndTime "9:27:00 PDT"]
[Termination "GMSrinath won on time"]

1. e4 c5 2. Nf3 d6 3. Bb5+ Bd7 4. Bxd7+ Nxd7 5. O-O Ngf6 6. Re1 e6 7. c3 Be7 8. d4 O-O 9. Qd3 Rc8 10. h3 Qc7 11. Be3 cxd4 12. cxd4 Qc2 13. Qxc2 Rxc2 14. Nc3 Rxb2 15. Reb1 Rc2 16. Rxb7 Rxc3 17. e5 dxe5 18. dxe5 Nd5 19. Rxd7 a5 20. Bd2 Rc2 21. Bxa5 Ra8 22.
Be1 Rcxa2 23. Rxa2 Rxa2 24. g3 h5 25. h4 Ra3 26.
Kg2 Ra2 27. Bd2 f6 28. exf6 gxf6 29. Rb7 Kf7 30. Kf1 Kg6 31. Kg2 Bc5 32. Kf1 e5 33.
Be1 e4 34. Nd2 e3 35. Ne4 e2+ 36. Kg2 Ra1 0-1

[Event "Early-Titled-Tuesday-Blitz-March-12-2024"]
[Site "Chess.com"]
[Date "2024.03.12"]
[Round "8"]
[White "HATilay"]
[Black "EpicPlayz282"]
[Result "0-1"]
[WhiteElo "2687"]
[BlackElo "2393"]
[TimeControl "180+1"]
[EndTime "9:27:00 PDT"]
[Termination "EpicPlayz282 won by checkmate"]

1. e4 e5 2. Nf3 Nc6 3. Bb5 a6 4. Ba4 Nge7 5. O-O Ng6 6. c3 d5 7. d3 Be7 8. h3 O-O 9. Nbd2 b5 10. Bb3 dxe4 11. Nxe4 Na5 12. Bc2 Bb7 13. a4 b4 14. Bd2 Nc6 15. a5 Qd5 16. Bg5 Bxg5 17.
Bb3 Qd8 18. Nfxg5 h6 19. Qh5 Nce7 20. f4 Bxe4 21. dxe4 hxg5 22. fxg5 Nf4 23. Rxf4 exf4 24. g6 Nxg6 25. Qxg6 bxc3 26. bxc3 Rb8 27. Bc4 Qe7 28. Qc6 Rfe8 29. Bd5 Rb2 30. Rf1 Rf8 31. Rxf4 Qg5 32. Rg4 Qe5 33. Qc5 Rb1+ 34. Kf2 Qf6+ 35. Kg3 Qe5+ 36. Kf2 Rb2+ 37. Ke1 Qh2 38. Qe3 Qh1+ 39. Qg1 Qxg1# 0-1

[Event "Early-Titled-Tuesday-Blitz-March-12-2024"]
[Site "Chess.com"]
[Date "2024.03.12"]
[Round "8"]
[White "VD_coach"]
[Black "QuintilianoR"]
[Result "1-0"]
[WhiteElo "2528"]
[BlackElo "2696"]
[TimeControl "180+1"]
[EndTime "9:27:00 PDT"]
[Termination "VD_coach won by resignation"]

1. d4 Nf6 2. c4 e6 3. Nf3 Bb4+ 4. Bd2 Qe7 5. e3 O-O 6. Bd3 Bxd2+ 7. Qxd2 d6 8. O-O e5 9. Be2 e4 10. Ne1 Bf5 11. Nc3 c6 12. f3 exf3 13. Bxf3 Bg6 14. Nd3 Nbd7 15. Nf4 Rfe8 16. Rae1 Be4 17. Kh1 Rad8 18.
Bxe4 Nxe4 19. Nxe4 Qxe4 20. Qb4 c5 21. Qc3 Nb6 22. b3 Re7 23. h3 Rde8 24. dxc5 dxc5 25. Qa5 Qc6 26. Qc3 Re4 27. Nh5 Qg6 28. Nf4 Qg5 29. Qd2 g6 30. Nd5 Nxd5 31. Qxd5 Qxd5 32. cxd5 Rxe3 33.
Rxe3 Rxe3 34. Rd1 Kf8 35. d6 Ke8 36. Rc1 b6 37. b4 Re5 38. bxc5 Rxc5 39. Re1+ Kd8 40. Re7 Ra5 41. Rxf7 Rxa2 42. Rxh7 a5 43. Rg7 a4 44. Rxg6 Rb2 45. Rg4 a3 46. Ra4 a2 47.
Kh2 b5 48. Ra8+ Kd7 49. h4 Rb4 50. Rxa2 Rxh4+ 51. Kg3 Rd4 52. Kf3 Kxd6 53. g4 b4 54. g5 Kc5 55. g6 Rd6 56. Rg2 Rf6+ 57. Ke4 Rf8 58. g7 Rb8 59. g8=Q 1-0

[Event "Early-Titled-Tuesday-Blitz-March-12-2024"]
[Site "Chess.com"]
[Date "2024.03.12"]
[Round "8"]
[White "killer_dreams"]
[Black "Yeritsyaan"]
[Result "0-1"]
[WhiteElo "2506"]
[BlackElo "2640"]
[TimeControl "180+1"]
[EndTime "9:27:01 PDT"]
[Termination "Yeritsyaan won on time"]

1. e4 g6 2. d4 Bg7 3. Nc3 c6 4. Nf3 d5 5. Be2 dxe4 6. Nxe4 Nf6 7. Nxf6+ Bxf6 8. O-O O-O 9. Bh6 Re8 10. Qd2 Bg4 11.
Rad1 Nd7 12. c4 Nb6 13. b3 a5 14.
h3 Bf5 15. d5 cxd5 16. cxd5 Qd7 17. Be3 Qd6 18. Nd4 Bd7 19. Bf3 Red8 20. Ne2 Bb5 21.
a4 Ba6 22. Rfe1 Rac8 23. Qxa5 Nd7 24. Nd4 Ne5 25. Be4 Nd7 26. Nb5 Bxb5 27. Qxb5 Nc5 28. Bf3 Na6 29. Bb6 Nc7 30. Qa5 Bc3 31. Qxc3 Qxb6 32.
Qb2 Qd6 33. Re3 Na6 34. Rde1 Rc7 35. Qe2 Kf8 36. Qd3 Rdc8 37. Qd4 Kg8 38. Bg4 Rd8 39. h4 Nb4 40. Rg3 Nc2 41. Qd2 Nxe1 42. Qxe1 Qf4 43. h5 Rc1 44. Bd1 Rxd5 0-1

[Event "Early-Titled-Tuesday-Blitz-March-12-2024"]
[Site "Chess.com"]
[Date "2024.03.12"]
[Round "8"]
[White "Carlos-Godoy"]
[Black "SharapovEvgeny"]
[Result "0-1"]
[WhiteElo "2066"]
[BlackElo "2520"]
[TimeControl "180+1"]
[EndTime "9:27:01 PDT"]
[Termination "SharapovEvgeny won on time"]

1. f4 c5 2. Nf3 Nc6 3. g3 g6 4.
Bg2 Bg7 5. d3 e6 6. e4 d6 7. O-O Nge7 8. c3 O-O 9. Na3 Rb8 10.
Nc2 b5 11. d4 cxd4 12. cxd4 d5 13. e5 b4 14. Be3 Ba6 15. Re1 Rc8 16. Qd2 Qb6 17. g4 Rc7 18. Rac1 b3 19. axb3 Qxb3 20.
Na3 Rfc8 21. Rc3 Qb7 22. Rec1 Nb8 23. Rc5 Rxc5 24. dxc5 Nec6 25. Nd4 Nxd4 26. Bxd4 Nc6 27. Qe3 Nxd4 28. Qxd4 Qb3 29. Qc3 Qxc3 30. Rxc3 Rb8 31.
c6 Bf8 32. c7 Rc8 33. Bf1 Bxf1 34. Kxf1 Bxa3 35. bxa3 Kf8 36. Ke2 Ke7 37. Kd2 Kd7 38. Rh3 Rxc7 39. Rxh7 Ke7 40. h4 Rc4 41. Ke3 Re4+ 42. Kf3 Ra4 43. f5 gxf5 44. gxf5 exf5 45. h5 Rxa3+ 46. Kf4 a5 47. Kxf5 Rf3+ 48. Kg4 Rf1 49. Rh8 a4 50. h6 Rh1 51. h7 a3 52. Ra8 Rxh7 53. Rxa3 Ke6 54. Re3 Rh1 55. Kf4 Rf1+ 56. Kg3 Rf5 57. Kg4 Rxe5 58. Rf3 Re4+ 59. Kg3 f5 60.
Kf2 d4 61. Rd3 Ke5 62. Kf3 Rf4+ 63. Ke2 Rh4 64. Ra3 Rh2+ 65. Kf3 Rh3+ 66. Ke2 Rxa3 0-1

[Event "Early-Titled-Tuesday-Blitz-March-12-2024"]
[Site "Chess.com"]
[Date "2024.03.12"]
[Round "8"]
[White "crazyluzhinTh3"]
[Black "Witik"]
[Result "1/2-1/2"]
[WhiteElo "2580"]
[BlackElo "2743"]
[TimeControl "180+1"]
[EndTime "9:27:02 PDT"]
[Termination "Game drawn by repetition"]

1. e4 c6 2. d4 d5 3. e5 Bf5 4.
Nf3 e6 5. Be2 c5 6. Be3 cxd4 7.
Nxd4 Ne7 8. O-O Nbc6 9. c4 dxc4 10. Qa4 Qa5 11. Qxa5 Nxa5 12. Na3 Bd3 13. Bxd3 cxd3 14.
Rfd1 Nd5 15. Rxd3 Bxa3 16. bxa3 Nc4 17. Nb5 O-O 18. Bd4 a6 19. Nd6 Nxd6 20. exd6 Rfd8 21. Be5 Rac8 22. h4 b5 23. Rad1 Rd7 24. a4 f6 25. Bg3 bxa4 26. Rd4 Rc5 27. Kh2 Kf7 28.
R1d2 a3 29. Ra4 Nb6 30. Rb4 Nd5 31. Ra4 e5 32. Rxa6 Ke6 33. Rxa3 Rxd6 34. Ra7 Rd7 35. Ra6+ Kf5 36. Rd3 h5 37. a4 Rcc7 38. Rf3+ Kg6 39. Bxe5 Ra7 40. Rxa7 Rxa7 41. Bg3 Rxa4 42. Rd3 Ne7 43.
Kh3 Nf5 44. Rb3 Ra1 45. Kh2 Ra4 46. Kh3 Nd4 47. Rd3 Nf5 48. Rb3 1/2-1/2

[Event "Early-Titled-Tuesday-Blitz-March-12-2024"]
[Site "Chess.com"]
[Date "2024.03.12"]
[Round "8"]
[White "GalaxyRoman"]
[Black "bazar-wokzal"]
[Result "1-0"]
[WhiteElo "2726"]
[BlackElo "2556"]
[TimeControl "180+1"]
[EndTime "9:27:02 PDT"]
[Termination "GalaxyRoman won by resignation"]

1. e4 Nc6 2. d4 d5 3. e5 h5 4. Nf3 Bg4 5. c3 Qd7 6. Be2 O-O-O 7. h3 Bf5 8. Bf4 f6 9. Nbd2 g5 10. Bg3 Bg7 11. exf6 exf6 12. Nb3 Bf8 13. Qd2 Rh7 14. O-O-O Bh6 15. Ne1 Re8 16. Bd3 Nge7 17. Nc5 Qd8 18.
Nc2 b6 19. Nb3 g4 20. Bxf5+ Nxf5 21. Bf4 Qd6 22. Bxd6 Bxd2+ 23. Nxd2 gxh3 24. Bh2 hxg2 25. Rhg1 Rg7 26. Rde1 Rf8 27. Ne3 Nce7 28. Rxg2 Rxg2 29. Nxg2 Kd7 30. Ne3 Rg8 31. Nxf5 Nxf5 32. Rg1 Rg4 33. Kd1 c5 34. dxc5 bxc5 35. Rxg4 hxg4 36. Ke2 Ke6 37. Bg3 c4 38. Nf1 Ne7 39. Ne3 f5 40. Nc2 Ng6 41. Nd4+ Kf6 42. Ke3 Kg5 43. f4+ gxf3 44. Kxf3 f4 45. Ne6+ Kf5 46. Nxf4 Ne5+ 47. Ke3 Nd3 48.
Nxd3 1-0

[Event "Early-Titled-Tuesday-Blitz-March-12-2024"]
[Site "Chess.com"]
[Date "2024.03.12"]
[Round "8"]
[White "NMJeevanK"]
[Black "Mr_ruthless"]
[Result "0-1"]
[WhiteElo "2574"]
[BlackElo "2484"]
[TimeControl "180+1"]
[EndTime "9:27:02 PDT"]
[Termination "Mr_ruthless won by checkmate"]

1. e4 c5 2. Nc3 Nc6 3. Bb5 e5 4. Nf3 Bd6 5. d3 h6 6. a3 Nf6 7. Bc4 O-O 8. O-O a6 9. Be3 Nd4 10. Bxd4 cxd4 11. Ne2 Bc7 12. c3 b5 13. Ba2 dxc3 14. bxc3 d5 15. exd5 Nxd5 16. c4 Nf6 17. Nc3 bxc4 18. Bxc4 Bg4 19. h3 Bh5 20. Re1 Qd6 21.
g4 Bg6 22. Ne4 Nxe4 23. dxe4 Qf6 24. Kg2 Ba5 25. Re3 Bb6 26. Re2 Rfd8 27. Bd5 Rab8 28. Rb1 h5 29. g5 Qf4 30. Qc1 Rxd5 31. Qxf4 exf4 32. Rxb6 Rxg5+ 33. Nxg5 Rxb6 34. Kf3 f6 35. Kxf4 fxg5+ 36. Kxg5 Bf7 37. e5 Kf8 38. f4 Ke7 39. f5 Rb3 40. e6 Be8 41. Rc2 Rg3+ 42. Kf4 Rxh3 43. Rc7+ Kf8 44. Ra7 Rxa3 45. Kg5 a5 46. Ra8 Ke7 47. Ra7+ Kf8 48. Ra8 a4 49. f6 gxf6+ 50.
Kxf6 Rf3+ 51. Ke5 a3 52. Kd6 Rd3+ 53. Ke5 h4 54. Kf6 Rf3+ 55. Ke5 h3 56. Ra7 h2 57. Rh7 a2 58. Rh8+ Kg7 59. Rxh2 a1=Q+ 60. Kd6 Rd3+ 61. Ke7 Qf6+ 62. Kxe8 Rd8# 0-1

[Event "Early-Titled-Tuesday-Blitz-March-12-2024"]
[Site "Chess.com"]
[Date "2024.03.12"]
[Round "8"]
[White "JoliyRoger"]
[Black "Ginzburg_Yakov"]
[Result "1-0"]
[WhiteElo "2435"]
[BlackElo "2535"]
[TimeControl "180+1"]
[EndTime "9:27:02 PDT"]
[Termination "JoliyRoger won by checkmate"]

1. d4 Nf6 2. c4 c5 3. d5 b5 4.
cxb5 a6 5. e3 g6 6. Nc3 Bg7 7. Bc4 d6 8. Nge2 O-O 9. a4 axb5 10.
Bxb5 Na6 11. O-O Nc7 12. Rb1 Bb7 13. e4 e6 14. dxe6 fxe6 15. Ng3 d5 16. exd5 exd5 17. Bg5 h6 18. Bf4 d4 19. Nce2 Nfd5 20. Bc4 Kh7 21. Bd2 Nb6 22. Bb5 Nxb5 23. axb5 Qd5 24. f3 c4 25. Nf4 Qxb5 26. Ne6 Rf7 27. Nxg7 Rxg7 28.
Qc1 h5 29. Bg5 Nd5 30. Kh1 d3 31. Ne4 Rf8 32. Qd2 Qb4 33. Qc1 Rgf7 34. Bd2 Qb6 35. Ng5+ Kg8 36. Nxf7 Rxf7 37. Bc3 Ne3 38. Re1 Nxg2 39. Qh6 Rh7 40. Re8+ Kf7 41. Qf8# 1-0

[Event "Early-Titled-Tuesday-Blitz-March-12-2024"]
[Site "Chess.com"]
[Date "2024.03.12"]
[Round "8"]
[White "cthulhuuu"]
[Black "josephymwale33"]
[Result "1-0"]
[WhiteElo "2404"]
[BlackElo "2499"]
[TimeControl "180+1"]
[EndTime "9:27:02 PDT"]
[Termination "cthulhuuu won by resignation"]

1. e4 e6 2. d3 d5 3. Nd2 Nf6 4. Ngf3 c5 5. g3 Nc6 6. Bg2 Be7 7. O-O O-O 8. e5 Nd7 9. Re1 Qc7 10. Qe2 f6 11. exf6 Nxf6 12. b3 Bd6 13. Bb2 Bd7 14. Ne5 Rae8 15. f4 Nd4 16. Bxd4 cxd4 17. Ndf3 Rc8 18.
Rac1 Ba3 19. Nxd4 Bxc1 20. Rxc1 Qb6 21. Qf2 Be8 22. Re1 Bh5 23. h3 Rc7 24. a4 Rfc8 25. g4 Bf7 26. Re2 Re8 27. g5 Nd7 28. Nxf7 Kxf7 29.
f5 e5 30. Bxd5+ Ke7 31. a5 Qc5 32. f6+ Kd8 33. f7 Qxd5 34. fxe8=Q+ Kxe8 35. Nf5 Kd8 36. Nxg7 Kc8 37. Qg2 Qxa5 38. Nf5 Kb8 39. Qf2 Qa1+ 40. Re1 Rc8 41. Rxa1 1-0

[Event "Early-Titled-Tuesday-Blitz-March-12-2024"]
[Site "Chess.com"]
[Date "2024.03.12"]
[Round "8"]
[White "sansanathalia"]
[Black "szachuspl"]
[Result "1-0"]
[WhiteElo "2377"]
[BlackElo "2527"]
[TimeControl "180+1"]
[EndTime "9:27:03 PDT"]
[Termination "sansanathalia won by resignation"]

1. e4 g6 2. d4 Bg7 3. Nf3 d6 4. Nc3 a6 5. Be2 b5 6. a3 Bb7 7. O-O Nd7 8. Re1 e6 9. Bf1 Ne7 10. g3 h6 11. Bg2 c5 12. Be3 Qc7 13. h4 e5 14. dxe5 dxe5 15. Nd2 Nb6 16. Nb3 Rd8 17.
Qe2 c4 18. Nc5 Bc8 19. Rad1 Rxd1 20. Rxd1 O-O 21. Nd5 Nexd5 22. exd5 Qd6 23. Ne4 Qb8 24. Bc5 Rd8 25. d6 f5 26. Nc3 Be6 27. Bb4 h5 28. Qe3 Kh7 29. Ba5 Nd7 30. Bxd8 Qxd8 31. Qa7 Qc8 32.
Qc7 Qf8 33. Bd5 Qf6 34. Bc6 Qf7 35. Nd5 e4 36. Bxd7 Bxd7 37. Nb6 f4 38. Qxd7 Qf6 39. Qh3 e3 40. fxe3 fxe3 41. Qg2 Bf8 42. Nd5 Qe5 43.
Qf3 e2 44. Re1 Bxd6 45. Rxe2 Qd4+ 46. Kg2 Kh6 47. Nf6 Bc5 48. Qf4+ Kg7 49. Qxd4 Bxd4 50. Ne4 Bxb2 51. Nc5 Bxa3 52. Nxa6 b4 53. Re4 b3 54. cxb3 c3 55. Rc4 Bb2 56. Nb4 Kf6 57. Nc2 Ke5 58.
Kf3 Kd5 59. Rc8 1-0

[Event "Early-Titled-Tuesday-Blitz-March-12-2024"]
[Site "Chess.com"]
[Date "2024.03.12"]
[Round "8"]
[White "willcab71"]
[Black "Kostukov_Alex"]
[Result "0-1"]
[WhiteElo "2130"]
[BlackElo "2314"]
[TimeControl "180+1"]
[EndTime "9:27:04 PDT"]
[Termination "Kostukov_Alex won on time"]

1. Nf3 Nf6 2. g3 g6 3. Bg2 Bg7 4. O-O O-O 5. d3 c5 6. Nc3 d5 7. e4 Nc6 8. exd5 Nxd5 9. Nxd5 Qxd5 10. Nd2 Qd7 11. Nc4 b6 12. Re1 Bb7 13. Qe2 Rfe8 14. c3 Rad8 15. Rd1 h6 16. Be3 Kh7 17. Rd2 e5 18. Rad1 Qc7 19. a4 Ne7 20. Bxb7 Qxb7 21. Qf1 Nf5 22. Qg2 Qd7 23. Qe4 Qxa4 24. Nd6 Qxe4 25.
dxe4 Nxd6 26. Rxd6 Bf6 27. Rd7 Kg7 28. Kf1 Rxd7 29.
Rxd7 Re7 30. Rd6 Rc7 31. c4 Be7 32. Rd5 f6 33. f4 exf4 34. gxf4 Kf7 35. b3 Ke6 36.
f5+ Kf7 37. Bf4 Rb7 38. Kg2 g5 39. Bg3 Ke8 40. h4 Rd7 41. h5 Rxd5 42. exd5 Kd7 43.
Bb8 Bd6 44. Bxa7 Kc7 45. b4 cxb4 46. c5 Bxc5 0-1

[Event "Early-Titled-Tuesday-Blitz-March-12-2024"]
[Site "Chess.com"]
[Date "2024.03.12"]
[Round "8"]
[White "AlexeiShirov"]
[Black "Jimonios"]
[Result "1-0"]
[WhiteElo "2874"]
[BlackElo "2679"]
[TimeControl "180+1"]
[EndTime "9:27:07 PDT"]
[Termination "AlexeiShirov won by checkmate"]

1. e4 e5 2. Nf3 Nc6 3. Bc4 Bc5 4. c3 Nf6 5. d4 exd4 6. e5 d5 7.
Bb5 Ne4 8. cxd4 Bb6 9. Nc3 O-O 10.
Be3 f5 11. Ne2 Ba5+ 12. Kf1 f4 13. Nxf4 g5 14. Nd3 g4 15. Nfe1 Qh4 16. Kg1 Ne7 17.
g3 Qh5 18. Nf4 Qf5 19. h3 gxh3 20. Rxh3 Kh8 21. Rh5 Qg4 22. Qxg4 Bxg4 23. Rh4 Bf5 24.
Nf3 c6 25. Bd3 Nxg3 26. fxg3 Bxd3 27. Ng5 Rg8 28. Nf7+ Kg7 29. Nxd3 Kxf7 30. Rxh7+ Ke6 31. Nc5+ Kf5 32. Rf1+ Kg4 33. Kg2 Ng6 34. Nd7 Bd8 35. e6 Be7 36. Ne5+ Nxe5 37. dxe5 Bg5 38. Bxg5 Kxg5 39.
Rff7 Rae8 40. e7 Kg6 41. Kf3 c5 42. e6 d4 43. Kf4 a5 44. g4 d3 45. g5 Rgf8 46. Rh6# 1-0

[Event "Early-Titled-Tuesday-Blitz-March-12-2024"]
[Site "Chess.com"]
[Date "2024.03.12"]
[Round "8"]
[White "ASKA538"]
[Black "eightbyeightchess"]
[Result "0-1"]
[WhiteElo "2251"]
[BlackElo "2403"]
[TimeControl "180+1"]
[EndTime "9:27:07 PDT"]
[Termination "eightbyeightchess won by checkmate"]

1. e4 e6 2. d4 d5 3. Nd2 Nf6 4. e5 Nfd7 5. Bd3 c5 6. c3 Nc6 7. Ngf3 cxd4 8. cxd4 g6 9. O-O Bg7 10. Nb3 O-O 11. Bg5 Qb6 12. Rc1 f6 13. exf6 Nxf6 14. Qd2 Ne4 15. Qe3 Rxf3 16. gxf3 Nxg5 17. Qxg5 a5 18. Kg2 a4 19. Nc5 Bxd4 20. b4 axb3 21. Nxb3 Bg7 22. Rc2 Nb4 23. Rd2 Nxd3 24. Rxd3 Rxa2 25.
Qe7 Bf8 26. Qe8 Rc2 27. Nd4 Rc7 28. Re1 Bd7 29. Qd8 e5 30. Rb3 Qd6 31. Kg1 exd4 32.
Rd3 Rc8 33. Qa5 Bg7 34. Rb1 Bf5 35. Rb6 Qd7 36. Rd2 d3 37. Qb4 Rc1+ 38. Kg2 Bh3+ 39.
Kg3 Be5+ 40. f4 Qg4# 0-1

[Event "Early-Titled-Tuesday-Blitz-March-12-2024"]
[Site "Chess.com"]
[Date "2024.03.12"]
[Round "8"]
[White "pfalcon1949"]
[Black "geminithegreat"]
[Result "1-0"]
[WhiteElo "1960"]
[BlackElo "2207"]
[TimeControl "180+1"]
[EndTime "9:27:07 PDT"]
[Termination "pfalcon1949 won by resignation"]

1. e4 e5 2. Nf3 Nc6 3. Nc3 Nf6 4. Nxe5 Nxe5 5. d4 Nc6 6. d5 Nb8 7. e5 Ng8 8. d6 cxd6 9. exd6 Qf6 10. Nb5 Na6 11. Bc4 Qe5+ 12. Be3 Nf6 13. O-O b6 14. Re1 Bb7 15. Bf4 Qxe1+ 16. Qxe1+ Kd8 17. Nc7 Nxc7 18. dxc7+ Kc8 19. Rd1 d5 20. Bb5 a6 21. Be8 Bc5 22.
Bxf7 Bc6 23. Be6+ Kb7 24. c8=Q+ Raxc8 25. Bxc8+ Rxc8 26. Qe6 Ne4 27. Qf7+ Ka8 28. Bg3 Rf8 29. Qxg7 Nxf2 30. Bxf2 Rxf2 31. Kh1 d4 32. Qg8+ Kb7 33. Qg7+ Kb8 34. Rg1 Rxc2 35. Qh8+ Ka7 36. Qxh7+ Bb7 37. Qxc2 1-0

[Event "Early-Titled-Tuesday-Blitz-March-12-2024"]
[Site "Chess.com"]
[Date "2024.03.12"]
[Round "8"]
[White "effefe"]
[Black "KnightmareJoker"]
[Result "0-1"]
[WhiteElo "2385"]
[BlackElo "2244"]
[TimeControl "180+1"]
[EndTime "9:27:08 PDT"]
[Termination "KnightmareJoker won on time"]

1. d4 d5 2. c4 e6 3. Nc3 Nf6 4.
cxd5 exd5 5. Bg5 Be7 6. e3 c6 7. Bd3 O-O 8. Nge2 Nbd7 9. Qc2 Re8 10. O-O-O b5 11. Kb1 a5 12. Ng3 a4 13. Nf5 h6 14. Bh4 Nb6 15. Nxe7+ Qxe7 16. e4 g5 17. e5 Nh5 18. Bg3 b4 19. Ne2 b3 20. axb3 axb3 21.
Qxb3 Nc4 22. Bxc4 dxc4 23. Qc3 Bf5+ 24. Kc1 Reb8 25. h4 Rb3 26. Qxc4 Ra1+ 27. Kd2 Rxb2+ 28.
Ke1 Rxd1+ 29. Kxd1 Qa3 30. Qc3 Qa1+ 31. Nc1 Bc2+ 32. Kd2 Be4+ 33. Ke3 Nxg3 34. fxg3 Bd5 35. Re1 Rb3 36. Qxb3 Bxb3 37. Nd3 Qc3 38. Ke4 Bc2 39.
Re3 Kg7 40. hxg5 hxg5 41. g4 Bb1 42. g3 Qc4 0-1

[Event "Early-Titled-Tuesday-Blitz-March-12-2024"]
[Site "Chess.com"]
[Date "2024.03.12"]
[Round "8"]
[White "BilodeauA"]
[Black "mishanick"]
[Result "1-0"]
[WhiteElo "3013"]
[BlackElo "3094"]
[TimeControl "180+1"]
[EndTime "9:27:09 PDT"]
[Termination "BilodeauA won by resignation"]

1. e4 c5 2. h3 Nc6 3. Bb5 d6 4. c4 Bd7 5. Nc3 e5 6. d3 Nge7 7. Nge2 Ng6 8. O-O Be7 9. f4 exf4 10.
Nxf4 O-O 11. Ncd5 Bg5 12. Qh5 Nxf4 13. Bxf4 Bxf4 14. Rxf4 f5 15. exf5 Qe8 16. Qxe8 Raxe8 17. f6 Re2 18. Raf1 g6 19. f7+ Kg7 20. Nf6 Re7 21.
Ne4 Nd4 22. Kh2 Bxb5 23. cxb5 Re6 24. g4 b6 25. Nf6 Re2+ 26. Kh1 Re3 27. Nd7 Ne2 28.
Nxf8 Kxf8 29. R1f3 Re7 30. Re4 Rxe4 31. dxe4 Nd4 32.
Rf6 Nxb5 33. a4 Nd4 34. Rxd6 h5 35. Rd7 hxg4 36. hxg4 a5 37. e5 g5 38. Kg2 Nc6 39. e6 Ne5 40. Rb7 Kg7 41. Rb8 Ng6 42. Rg8+ Kh7 43.
Rxg6 1-0

[Event "Early-Titled-Tuesday-Blitz-March-12-2024"]
[Site "Chess.com"]
[Date "2024.03.12"]
[Round "8"]
[White "snowlord"]
[Black "PepeCuenca"]
[Result "1-0"]
[WhiteElo "2915"]
[BlackElo "2710"]
[TimeControl "180+1"]
[EndTime "9:27:09 PDT"]
[Termination "snowlord won on time"]

1. e4 c5 2. Nf3 Nc6 3. d4 cxd4 4. Nxd4 e5 5. Nb5 d6 6. N1c3 a6 7. Na3 Be7 8. Nc4 b5 9. Ne3 Nf6 10. a4 b4 11. Ncd5 O-O 12. Bd3 a5 13. c3 bxc3 14. bxc3 Nxd5 15. Nxd5 Bg5 16. Bb5 Bb7 17.
Qg4 Bxc1 18. Rxc1 Ne7 19. c4 Nc6 20. c5 dxc5 21. Rxc5 Nd4 22. O-O Bxd5 23. Rxd5 Qf6 24. h3 Rad8 25. Bc4 g6 26. Rxa5 h5 27. Qg3 Rc8 28.
Qd3 Qc6 29. Rc1 Kg7 30. Rxe5 Rfd8 31. Rd5 Rxd5 32. exd5 Qb6 33. Rd1 Nf5 34. Bb5 Nd6 35. Qd4+ Qxd4 36. Rxd4 Rc1+ 37. Kh2 Kf6 38. Rd2 Ke5 39.
Bc6 Ra1 40. Re2+ Kd4 41. g4 h4 42. Kg2 g5 43. Re3 Ra2 44. Rf3 Ke5 45. Re3+ Kd4 46. Kf3 Kc5 47. Re5 Kd4 48. Re7 Kc5 49. Re2 Kd4 50. Kg2 Kc5 51. Rxa2 1-0

[Event "Early-Titled-Tuesday-Blitz-March-12-2024"]
[Site "Chess.com"]
[Date "2024.03.12"]
[Round "8"]
[White "HansOnTwitch"]
[Black "yosephtaher"]
[Result "1-0"]
[WhiteElo "3112"]
[BlackElo "2946"]
[TimeControl "180+1"]
[EndTime "9:27:10 PDT"]
[Termination "HansOnTwitch won by resignation"]

1. e4 c5 2. Nf3 g6 3. c3 Nf6 4. e5 Nd5 5. d4 cxd4 6. Qxd4 Nc7 7. Bc4 Bg7 8. Qh4 h6 9. O-O Ne6 10. Rd1 Qc7 11. Na3 a6 12. Be3 b5 13. Bd5 Nc6 14. c4 b4 15. Nc2 Rb8 16. b3 Nxe5 17. Nxe5 Bxe5 18. Rac1 g5 19. Qe4 Bxh2+ 20. Kf1 Bf4 21.
g3 Bxe3 22. Nxe3 Nc5 23. Qd4 f6 24. Nf5 d6 25. Nxe7 Bh3+ 26. Kg1 Qxe7 27. Re1 Be6 28.
Bxe6 Nxe6 29. Qd5 Kf7 30. Re3 Rhe8 31. Rce1 Qd7 32. f4 gxf4 33. gxf4 Rg8+ 34. Kf2 Rbe8 35. f5 Qa7 36. fxe6+ Ke7 37. Rd1 Rd8 38. Qf5 Rg7 39.
Rd5 Rc8 40. Qf4 Qb6 41. Ke2 Rg5 42. Rxg5 hxg5 43. Qh2 Qc6 44. Qh7+ Kd8 45. e7+ Ke8 46. Qg8+ Kd7 47. e8=Q+ 1-0

[Event "Early-Titled-Tuesday-Blitz-March-12-2024"]
[Site "Chess.com"]
[Date "2024.03.12"]
[Round "8"]
[White "Abund"]
[Black "CarlosjPineror"]
[Result "1-0"]
[WhiteElo "2797"]
[BlackElo "2620"]
[TimeControl "180+1"]
[EndTime "9:27:10 PDT"]
[Termination "Abund won by resignation"]

1. e4 c5 2. Nf3 e6 3. d3 Nc6 4.
g3 d5 5. Nbd2 Nf6 6. Bg2 Be7 7.
O-O O-O 8. Re1 b5 9. e5 Nd7 10.
h4 b4 11. Nf1 a5 12. Bf4 Nd4 13. h5 h6 14. N1h2 Ba6 15. Nxd4 cxd4 16. Qd2 Kh7 17. Ng4 Bg5 18. a3 Bxf4 19. Qxf4 Qb6 20. axb4 Qxb4 21. b3 Rac8 22. Re2 Bb5 23. Nh2 Qc3 24. Ra2 f6 25. exf6 Rxf6 26. Qg4 Nf8 27. Nf3 Qb4 28. Qxd4 Nd7 29.
Qxb4 axb4 30. Nd4 Rb8 31. Rxe6 Rxe6 32. Nxe6 Nf6 33. Bf3 Bd7 34. Nf4 Bc6 35. Ra6 Rc8 36. d4 Be8 37. Be2 Kg8 38. Bd3 Nxh5 39. Nxd5 Rd8 40.
Ne7+ Kf8 41. Nf5 Nf6 42. Nxh6 Bh5 43. Kg2 Rxd4 44. Nf5 Rd5 45. Ra8+ Kf7 46. Ra7+ Ke6 47. Nxg7+ Kd6 48. Ra6+ Ke5 49. f4+ Kd4 50. Rxf6 Bd1 1-0

[Event "Early-Titled-Tuesday-Blitz-March-12-2024"]
[Site "Chess.com"]
[Date "2024.03.12"]
[Round "8"]
[White "Matols"]
[Black "becemix"]
[Result "0-1"]
[WhiteElo "2349"]
[BlackElo "2465"]
[TimeControl "180+1"]
[EndTime "9:27:11 PDT"]
[Termination "becemix won by resignation"]

1. d4 Nf6 2. c4 c5 3. d5 e6 4. Nc3 exd5 5. cxd5 d6 6. e4 a6 7. a4 g6 8. h3 Bg7 9. Nf3 O-O 10. Bd3 Nbd7 11.
O-O Ne8 12. Bf4 Qe7 13. Re1 Ne5 14. Be2 Rb8 15. a5 b5 16. axb6 Rxb6 17. Qc2 Nc7 18. Nd2 Rb4 19. Ra4 Rb6 20. Bxe5 Bxe5 21. Nc4 Rb8 22.
Na5 Bd7 23. Nc6 Bxc6 24. dxc6 Bxc3 25. Qxc3 Rb6 26. e5 Qxe5 27. Qxe5 dxe5 28. Bf3 Re8 29. Rc4 Rb5 30. Rec1 f5 31. Rxc5 Rxb2 32. Bd5+ Kg7 33. Ra5 Rd8 34. Rcc5 Rb6 35. Bc4 e4 36. f3 exf3 37.
gxf3 Rd2 38. Bf1 Rb1 39. Re5 Kf6 40. f4 Rdd1 41. Rec5 Rxf1+ 42. Kg2 Rfc1 43. Rxc1 Rxc1 44. Kf3 Rxc6 0-1